 Dungeon Crawl Stone Soup version 0.31.0-11-ge490571c62 (webtiles) character file.

Game seed: 12280048623452206769

403 firemarshallily the Vexing (level 6, -1/39 (47) HPs)
             Began as a Gnoll Hexslinger on Feb 9, 2024.
             Slain by Edmund
             ... wielding a +2 dire flail of draining
              (4 damage)
             ... on level 4 of the Dungeon.
             The game lasted 00:12:16 (3203 turns).

firemarshallily the Vexing (Gnoll Hexslinger)       Turns: 3203, Time: 00:12:18

HP:   -1/39 (47)    AC:  2    Str: 10    XL:     6   Next: 86%
MP:   7/11          EV: 14    Int: 12    God:
Gold: 258           SH:  0    Dex: 14    Spells: 7/12 levels left

rFire   . . .        a - +1 sling
rCold   . . .        (no shield)
rNeg    . . .        c - +0 robe
rPois   .            y - +0 hat
rElec   .            (no cloak)
rCorr   .            (no gloves)
SInv    .            (no boots)
Will    .....        (no amulet)
Stlth   ++           j - ring of wizardry
HPRegen 0.26/turn    (no ring)
MPRegen 0.12/turn

%: wizardry (x1)
@: heavily drained
A: fangs 1, strong nose, distributed training
a: no special abilities


You were on level 4 of the Dungeon.
You visited 1 branch of the dungeon, and saw 4 of its levels.

You collected 258 gold pieces.

Inventory:

Hand Weapons
 a - a +1 sling (weapon)
 d - a +2 whip of distortion
Missiles
 e - 20 stones
 m - 4 poisoned darts
 x - 2 throwing nets
Armour
 c - a +0 robe (worn)
 g - a +0 ring mail
 y - a +0 hat (worn)
Jewellery
 j - a ring of wizardry (left hand)
 v - a ring of protection from fire
Wands
 t - a wand of polymorph (8)
Scrolls
 b - a scroll of poison
 h - 2 scrolls of identify
 n - 4 scrolls of vulnerability {unknown}
 o - a scroll of revelation
 p - a scroll of enchant weapon {unknown}
 s - a scroll of fear {unknown}
 w - a scroll of immolation {unknown}
Potions
 f - a potion of curing {unknown}
 i - a potion of haste {unknown}
 k - a potion of brilliance {unknown}
 l - a potion of attraction {unknown}
 q - a potion of enlightenment {unknown}
 u - a potion of lignification {unknown}


   Skills:
 + Level 3.4 Fighting
 + Level 2.2 Short Blades
 + Level 2.2 Long Blades
 + Level 2.2 Axes
 + Level 2.2 Maces & Flails
 + Level 2.2 Polearms
 + Level 2.2 Staves
 + Level 5.1 Ranged Weapons
 + Level 2.2 Throwing
 + Level 2.2 Armour
 + Level 5.1 Dodging
 + Level 2.2 Stealth
 + Level 2.2 Shields
 + Level 2.2 Unarmed Combat
 + Level 3.6 Spellcasting
 + Level 1.8 Conjurations
 + Level 5.7 Hexes
 + Level 1.8 Summonings
 + Level 1.8 Necromancy
 + Level 1.8 Translocations
 + Level 2.8 Fire Magic
 + Level 1.8 Ice Magic
 + Level 1.8 Air Magic
 + Level 1.8 Earth Magic
 + Level 1.8 Alchemy
 + Level 2.4 Invocations
 + Level 2.2 Evocations
 + Level 2.0 Shapeshifting


You had 7 spell levels left.
You knew the following spells:

 Your Spells              Type           Power      Damage    Failure   Level
a - Jinxbite              Hex            32%        N/A       1%          2
b - Inner Flame           Hex/Fire       12%        N/A       4%          3

Your spell library contained the following spells:

 Spells                   Type           Power      Damage    Failure   Level
 Sigil of Binding         Hex            16%        N/A       2%          3
 Cause Fear               Hex            8%         N/A       9%          4
 Dimensional Bullseye     Hex/Tloc       5%         N/A       19%         4
 Passage of Golubria      Tloc           6%         N/A       38%         4
 Silence                  Hex/Air        5%         N/A       45%         5
 Lehudib's Crystal Spear  Conj/Erth      3%         10d2      100%        8


Dungeon Overview and Level Annotations

Branches:
Dungeon (4/15)
 Temple: D:4-7

Altars:
Kikubaaqudgha
Sif Muna

Annotations:
D:4 Edmund


Innate Abilities, Weirdness & Mutations

You have very sharp teeth.
Your uncanny sense of smell can sniff out nearby items.
Your experience applies equally to all skills.


Message History

Edmund is lightly wounded.
Edmund barely misses you.
You shoot a sling bullet. The sling bullet hits Edmund.
Edmund is lightly wounded.
A giggling sprite leaps out and makes Edmund trip over his own feet.
Edmund is lightly wounded.
Edmund hits you with a +2 dire flail of draining!
You feel drained.
You shoot a sling bullet.
The sling bullet hits Edmund but does no damage.
Edmund is lightly wounded.
Edmund barely misses you.
You shoot a sling bullet. The sling bullet hits Edmund.
Edmund is moderately wounded.
A giggling sprite leaps out and smacks Edmund with his own hand.
Edmund is moderately wounded.
Edmund hits you with a +2 dire flail of draining!
You feel drained.
You shoot a sling bullet. The sling bullet closely misses Edmund.
A giggling sprite leaps out and makes Edmund trip over his own feet.
Edmund is heavily wounded.
The jinxing sprites lose interest in you.
Edmund barely misses you.
Edmund hits you with a +2 dire flail of draining!
You feel drained.
As you read the scroll labelled ITHRUI MAHAT, it crumbles to dust.
It is a scroll of identify.
o - a scroll of revelation Edmund hits you with a +2 dire flail of draining.
You feel drained.
* * * LOW HITPOINT WARNING * * *
It was a potion of cancellation.
Your magical effects are unravelling.
You feel magically purged.
You feel your willpower return.
Edmund hits you with a +2 dire flail of draining!
* * * LOW HITPOINT WARNING * * *
You feel drained.
You die...
Edmund whines, "They better pay attention to me now!"

#.#####..#
#.....#☼...§##.#
#........#
#########.####.#
########.# ..
#.##.#.# #.# .#
#.##.#.# ###.###.###
#......# #.)........
####.###
#.#.#...#.#..$.....#
#.#.#...#.#..#######
#.#..@@......
#.###..#####.
#[###......
#.....##### #######


You could see Edmund (very drained).

Vanquished Creatures
  A jelly (D:4)
  An orc priest (D:4)
  A hound (D:4)
  A sleepcap (D:4)
  Terence (D:2)
  An iguana (D:4)
  Natasha (thrice) (D:2)
  8 adders
  3 ribbon worms
  4 orcs (D:4)
  5 endoplasms
  6 giant cockroaches
  6 goblins
  6 hobgoblins
  2 jackals (D:1)
  8 kobolds
  3 quokkas
  13 ball pythons
  4 bats
  5 frilled lizards
  7 rats
89 creatures vanquished.

Notes
Turn   | Place    | Note
-------+----------+-------------------------------------------
     0 | D:1      | firemarshallily the Gnoll Hexslinger began the quest for
                  | the Orb.
     0 | D:1      | Reached XP level 1. HP: 17/17 MP: 4/4
    37 | D:1      | Reached XP level 2. HP: 23/23 MP: 5/5
   398 | D:1      | Reached XP level 3. HP: 28/28 MP: 7/7
   590 | D:1      | Learned a level 2 spell: Jinxbite
   594 | D:1      | Learned a level 3 spell: Inner Flame
   713 | D:1      | Reached skill level 1 in Invocations
   911 | D:2      | Reached skill level 1 in Short Blades
   911 | D:2      | Reached skill level 1 in Long Blades
   911 | D:2      | Reached skill level 1 in Axes
   911 | D:2      | Reached skill level 1 in Maces & Flails
   911 | D:2      | Reached skill level 1 in Polearms
   911 | D:2      | Reached skill level 1 in Staves
   911 | D:2      | Reached skill level 1 in Throwing
   911 | D:2      | Reached skill level 1 in Armour
   911 | D:2      | Reached skill level 1 in Stealth
   911 | D:2      | Reached skill level 1 in Shields
   911 | D:2      | Reached skill level 1 in Unarmed Combat
   911 | D:2      | Reached skill level 1 in Evocations
   983 | D:2      | Noticed Natasha
   992 | D:2      | Killed Natasha
   993 | D:2      | Reached skill level 1 in Shapeshifting
   993 | D:2      | Reached XP level 4. HP: 27/34 MP: 5/8
  1034 | D:2      | Reached skill level 1 in Conjurations
  1034 | D:2      | Reached skill level 1 in Summonings
  1034 | D:2      | Reached skill level 1 in Necromancy
  1034 | D:2      | Reached skill level 1 in Translocations
  1034 | D:2      | Reached skill level 1 in Ice Magic
  1034 | D:2      | Reached skill level 1 in Air Magic
  1034 | D:2      | Reached skill level 1 in Earth Magic
  1034 | D:2      | Reached skill level 1 in Alchemy
  1096 | D:2      | Noticed Terence
  1101 | D:2      | Killed Terence
  1176 | D:2      | Noticed Natasha
  1520 | D:2      | Found a shimmering blue altar of Sif Muna.
  1540 | D:2      | Killed Natasha
  1541 | D:2      | Reached XP level 5. HP: 26/41 MP: 7/9
  1549 | D:2      | Noticed Natasha
  1556 | D:2      | Killed Natasha
  2370 | D:4      | Found an ancient bone altar of Kikubaaqudgha.
  2379 | D:4      | Reached XP level 6. HP: 47/47 MP: 9/11
  2413 | D:4      | Reached skill level 5 in Ranged Weapons
  2413 | D:4      | Reached skill level 5 in Dodging
  3111 | D:4      | Noticed Edmund
  3203 | D:4      | Slain by Edmund

Illustrated notes

Levels and vault maps discovered:
D:1:      dpeg_arrival_simpleton_a, layout_basic
D:2:      layout_loops_ring, basic_altar, minmay_ruptured, uniq_natasha,
          uniq_terence
D:3:      layout_rooms
D:4:      layout_loops_cross, nicolae_kikubaaqudgha_miasma_corner, uniq_edmund

Skill      XL: |  1  2  3  4  5  6 |
---------------+-------------------+-----
Fire Magic     | 2 |  2.8
Invocations    | 1 2 |  2.4
Short Blades   | 1 2 |  2.2
Long Blades    | 1 2 |  2.2
Axes           | 1 2 |  2.2
Maces & Flails | 1 2 |  2.2
Polearms       | 1 2 |  2.2
Staves         | 1 2 |  2.2
Throwing       | 1 2 |  2.2
Armour         | 1 2 |  2.2
Stealth        | 1 2 |  2.2
Shields        | 1 2 |  2.2
Unarmed Combat | 1 2 |  2.2
Evocations     | 1 2 |  2.2
Spellcasting   | 3 |  3.6
Shapeshifting  | 1 2 |  2.0
Conjurations   | 1 |  1.8
Summonings     | 1 |  1.8
Necromancy     | 1 |  1.8
Translocations | 1 |  1.8
Ice Magic      | 1 |  1.8
Air Magic      | 1 |  1.8
Earth Magic    | 1 |  1.8
Alchemy        | 1 |  1.8
Fighting       | 3 |  3.4
Ranged Weapons | 5 |  5.1
Dodging        | 5 |  5.1
Hexes          | |  5.7

Action                     |  1- 3 |  4- 6 || total
---------------------------+-------+-------++-------
   Fire: Sling             |   102 |   238 ||   340
   Cast: Jinxbite          |     4 |     4 ||     8
         Inner Flame       |       |     2 ||     2
    Use: Scroll            |       |     1 ||     1
         Potion            |       |     1 ||     1
 Armour: Robe              |    25 |    70 ||    95
  Dodge: Dodged            |    25 |    98 ||   123
